 Dungeon Crawl Stone Soup version 0.26.1-2-gb8aa6d0cf2 (webtiles) character file.

Game seed: 2322425792750765137

309 Gadfly the Skirmisher (level 6, -1/62 HPs)
             Began as an Ogre Monk on Feb 13, 2021.
             Slain by a bullfrog (2 damage)
             ... in a sewer.
             The game lasted 00:06:39 (3640 turns).

Gadfly the Skirmisher (Ogre Monk)                   Turns: 3640, Time: 00:06:40

Health: -1/62      AC:  6    Str: 18    XL:     6   Next: 41%
Magic:  8/8        EV: 10    Int: 11    God:
Gold:   134        SH:  0    Dex: 13    Spells: 5/5 levels left

rFire    . . .     SeeInvis .   a - +0 mace
rCold    . . .     Faith    .   (no shield)
rNeg     . . .     Spirit   .   b - +1 robe
rPois    +         Reflect  .   (helmet restricted)
rElec    .         Harm     .   (no cloak)
rCorr    .         Rampage  .   (gloves unavailable)
Will     .....                  (boots unavailable)
Stlth    ++........             (no amulet)
HPRegen  0.20/turn              (no ring)
MPRegen  0.11/turn              (no ring)

@: no status effects
A: large, unfitting armour, slimy green scales 1, agile 1, poison resistance,
tough skin 1
a: no special abilities


You were in a sewer.
You visited 1 branch of the dungeon, and saw 3 of its levels.
You also visited: Sewer.

You collected 134 gold pieces.

Inventory:

Hand Weapons
 a - a +0 mace (weapon)
Missiles
 e - 8 boomerangs (quivered)
 j - a throwing net
Armour
 b - a +1 robe (worn)
Jewellery
 i - an uncursed amulet of faith
Wands
 h - a wand of paralysis (5)
Scrolls
 f - a scroll of fog
 g - 2 scrolls of identify
Potions
 d - a potion of haste


   Skills:
 - Level 4.0 Fighting
 + Level 3.2 Maces & Flails
 * Level 2.5 Throwing
 * Level 2.2 Armour
 - Level 2.6 Dodging
 - Level 1.4 Stealth
 * Level 2.9 Invocations
 * Level 2.1 Evocations


You had 5 spell levels left.
You didn't know any spells.
Your spell library was empty.

Dungeon Overview and Level Annotations

Branches:
Dungeon (3/15)              Sewer (1/1)

Altars:
Dithmenos
Yredelemnul


Innate Abilities, Weirdness & Mutations

You are too large for most types of armour.
You have tough skin. (AC +1)
You are partially covered in slimy green scales. (AC +2)
You are agile. (Dex +2)
Your system is resistant to poisons. (rPois)


Message History

Unknown command.
Non-targeted confused throw: 8 boomerangs
Press: ? - help, Q - select action, (/) - cycle Dir - look around, f - activate You throw a boomerang.
The boomerang hits the bullfrog.
The bullfrog is moderately wounded.
You feel less invigorated.
You feel less confused. The bullfrog barely misses you. The bullfrog hits you.
* * * LOW HITPOINT WARNING * * *
The bullfrog hits you.
* * * LOW HITPOINT WARNING * * *
The bullfrog hits you.
* * * LOW HITPOINT WARNING * * *
It was a potion of mutation.
You feel extremely strange.
You feel agile.
You feel resistant to poisons.
Slimy green scales grow over part of your body.
The bullfrog hits you.
* * * LOW HITPOINT WARNING * * *
The bullfrog hits you.
You die...

#..≈≈≈≈≈≈≈≈≈≈≈≈≈≈≈≈≈≈≈≈≈≈≈≈≈≈≈
#.≈≈≈≈≈≈≈≈≈≈≈≈≈≈≈≈≈≈≈≈≈≈≈≈≈≈≈≈
#.≈≈≈≈≈≈≈≈≈≈≈≈≈≈≈≈≈≈≈≈≈≈≈≈≈≈≈†
#.≈≈≈≈..≈≈≈≈≈≈≈≈≈≈.........≈≈≈
#.≈≈≈.≈≈≈≈≈≈≈≈≈≈≈≈≈≈≈≈#######≈
#≈≈≈≈.≈≈≈≈≈≈≈≈≈≈≈≈≈≈≈≈≈≈# #≈
#≈≈≈≈≈≈≈≈≈≈≈≈≈≈≈≈≈≈≈≈≈≈≈# #.
#.≈≈≈≈≈≈≈≈≈.F.≈≈≈≈≈≈≈≈≈≈≈# #.
#≈≈≈≈≈≈≈≈≈≈≈F@≈.?≈≈≈≈≈≈≈≈# #≈
#≈≈≈≈≈≈≈≈≈≈≈..≈?|$.≈≈≈≈≈≈# #≈
#.≈≈≈≈≈≈≈≈.≈≈.≈.$.≈≈≈≈≈≈≈# #≈
#.≈≈≈≈≈≈≈≈≈...≈≈.≈≈≈≈≈≈≈≈# #≈
#≈≈≈≈≈#≈≈≈≈∩.≈≈≈≈≈≈≈≈≈≈≈## #≈
#≈≈≈≈≈##≈≈≈≈≈≈≈≈≈≈≈≈≈≈≈## #≈
#.†≈≈≈####≈≈≈≈≈≈≈≈≈≈≈ #.
#.≈≈≈≈# ####≈≈≈≈≈≈## #≈
#.≈≈≈.# ### #.


You could see 2 bullfrogs.

Vanquished Creatures
  A centaur (D:2)
  An orc wizard (D:3)
  4 gnolls (D:2)
  5 adders
  A river rat (D:3)
  3 worms
  5 dart slugs
  7 leopard geckos
  3 orcs (D:3)
  9 bats
  9 giant cockroaches
  8 hobgoblins
  A quokka (D:3)
  3 ball pythons (Sewer)
  13 frilled lizards
  5 goblins
  5 kobolds
  3 rats
86 creatures vanquished.

Vanquished Creatures (others)
  A withered plant (D:2)
1 creature vanquished.

Grand Total: 87 creatures vanquished

Notes
Turn   | Place    | Note
-------+----------+-------------------------------------------
     0 | D:1      | Gadfly the Ogre Monk began the quest for the Orb.
     0 | D:1      | Reached XP level 1. HP: 24/24 MP: 1/1
   436 | D:1      | Reached XP level 2. HP: 32/32 MP: 2/2
   889 | D:1      | Reached skill level 1 in Invocations
   976 | D:2      | Reached skill level 1 in Throwing
   995 | D:2      | Reached XP level 3. HP: 30/39 MP: 3/3
  1218 | D:2      | Reached skill level 1 in Armour
  1431 | D:2      | Reached skill level 1 in Evocations
  1438 | D:2      | Reached XP level 4. HP: 14/48 MP: 3/5
  1819 | D:2      | Noticed a centaur
  1837 | D:2      | Killed a centaur
  1838 | D:2      | Reached XP level 5. HP: 29/54 MP: 6/6
  2072 | D:2      | Found a basalt altar of Yredelemnul.
  2635 | D:3      | Reached XP level 6. HP: 16/62 MP: 7/7
  2841 | D:3      | Found a shadowy altar of Dithmenos.
  3078 | D:3      | Found a glowing drain.
  3086 | Sewer    | Entered a sewer
  3639 | Sewer    | HP: 2/62 [bullfrog (6)]
  3640 | Sewer    | Gained mutation: You are agile. (Dex +2) [potion of
                  | mutation]
  3640 | Sewer    | Gained mutation: Your system is resistant to poisons.
                  | (rPois) [potion of mutation]
  3640 | Sewer    | Gained mutation: You are partially covered in slimy green
                  | scales. (AC +2) [potion of mutation]
  3640 | Sewer    | Slain by a bullfrog

Illustrated notes

Levels and vault maps discovered:
D:1:      sevenhm_arrival_forest_fort_small_3, layout_basic, minmay_pentomino_r2
D:2:      layout_basic, grunt_ministairs_2, yredelemnul_altar_generic
D:3:      layout_basic, grunt_dithmenos_smoke, chequers_ecumenical_altar_twisty,
          gup_sewer_entry_bubbles
Sewer:    sewer_frog_island_01

Skill      XL: |  1  2  3  4  5  6 |
---------------+-------------------+-----
Invocations    | 1 2 |  2.9
Throwing       | 1 2 |  2.5
Armour         | 1 2 |  2.2
Evocations     | 1 2 |  2.1
Maces & Flails | 3 |  3.2
Fighting       | |  4.0
Dodging        | |  2.6
Stealth        | |  1.4

Action                   |  1- 3 |  4- 6 || total
-------------------------+-------+-------++-------
Melee: Mace              |    88 |   196 ||   284
Throw: Boomerang         |     8 |    31 ||    39
  Use: Scroll            |     8 |     1 ||     9
       Potion            |       |     2 ||     2
 Stab: Sleeping          |     3 |     1 ||     4
Armor: Robe              |    31 |    80 ||   111
Dodge: Dodged            |    60 |   123 ||   183
